 Dungeon Crawl Stone Soup version 0.27.0-1-g7a089689b8 (webtiles) character file.

Game seed: 3070270253879657685

4927 SnakkuSnakku7 the Archer (level 10, -2/64 HPs)
             Began as a Deep Elf Brigand on Aug 12, 2021.
             Was a Follower of Ru.
             Slain by a yak (10 damage)
             ... on level 8 of the Dungeon.
             The game lasted 00:15:03 (8412 turns).

SnakkuSnakku7 the Archer (Deep Elf Brigand)         Turns: 8412, Time: 00:15:04

Health: -2/64      AC: 16    Str: 11    XL:     10   Next: 27%
Magic:  12/12      EV: 10    Int: 17    God:    Ru [*.....]
Gold:   425        SH:  0    Dex: 16    Spells: 9/9 levels left

rFire    . . .     SeeInvis .   a - +4 whip
rCold    . . .     Faith    .   (no shield)
rNeg     . . .     Spirit   .   N - +0 swamp dragon scales
rPois    +         Reflect  .   w - +0 helmet
rElec    .         Harm     .   c - +0 cloak
rCorr    .         Rampage  +   (no gloves)
Will     +....                  K - +0 pair of boots {rampage}
Stlth    ++........             (no amulet)
HPRegen  0.20/turn              t - +4 ring of protection
MPRegen  0.13/turn              y - +4 ring of slaying

@: no status effects
A: no hexes magic, no poison magic, no translocations magic
a: Renounce Religion


You were on level 8 of the Dungeon.
You worshipped Ru.
Ru was aware of your devotion.
You visited 3 branches of the dungeon, and saw 11 of its levels.

You collected 425 gold pieces.

Inventory:

Hand Weapons
 a - a +4 whip (weapon)
 b - a +0 shortbow
 I - a +2 dagger
Missiles
 d - 26 poisoned darts (quivered)
 e - 3 curare-tipped darts
 h - 119 arrows
Armour
 c - a +0 cloak (worn)
 m - a +0 robe
 w - a +0 helmet (worn)
 F - the +4 chain mail "Wigae" {Int+4 Dex+3 SInv}
   (You found it on level 5 of the Dungeon)

   Int:       It affects your intelligence (+4).
   Dex:       It affects your dexterity (+3).
   SInv:      It lets you see invisible.
 K - a +0 pair of boots of rampaging (worn)
 N - +0 swamp dragon scales (worn)
Jewellery
 n - a +6 ring of intelligence
 t - a +4 ring of protection (left hand)
 y - a +4 ring of slaying (right hand)
 L - a +6 ring of strength
Scrolls
 f - a scroll of teleportation {unknown}
 l - 3 scrolls of enchant weapon
 o - a scroll of magic mapping
 p - a scroll of fog {unknown}
 q - 2 scrolls of enchant armour {unknown}
 r - a scroll of holy word {unknown}
 s - 2 scrolls of torment {unknown}
 x - 2 scrolls of vulnerability {unknown}
 A - a scroll of amnesia {unknown}
 D - 2 scrolls of brand weapon {unknown}
 E - a scroll of blinking {unknown}
 H - a scroll of noise {unknown}
 J - a scroll of identify
Potions
 g - 3 potions of resistance {unknown}
 i - 2 potions of attraction {unknown}
 j - 2 potions of cancellation {unknown}
 k - a potion of berserk rage
 u - a potion of haste {unknown}
 v - 2 potions of brilliance {unknown}
 z - a potion of invisibility {unknown}
 B - 2 potions of heal wounds
 C - 2 potions of flight
 G - a potion of might {unknown}
 M - a potion of curing


   Skills:
 - Level 8.0 Fighting
 - Level 2.0 Short Blades
 + Level 11.5 Bows
 - Level 5.0 Throwing
 - Level 5.3 Armour
 - Level 1.2 Dodging
 - Level 4.8 Stealth


You had 9 spell levels left.
You didn't know any spells.
Your spell library contained the following spells:

 Spells                   Type           Power      Damage    Failure   Level
 Freeze                   Ice            0%         1d3       45%         1
 Corpse Rot               Necr/Air       N/A        N/A       61%         2
 Frozen Ramparts          Ice            0%         1d2       83%         3
 Dispel Undead            Necr           0%         3d6       99%         4
 Hailstorm                Conj/Ice       0%         3d3       99%         4
 Petrify                  Tmut/Erth      0%         N/A       99%         4
 Death Channel            Necr           0%         N/A       100%        6
 Statue Form              Tmut/Erth      0%         N/A       100%        6
 Dragon Form              Tmut           0%         N/A       100%        7
 Dragon's Call            Summ           0%         N/A       100%        9
 Cause Fear               Hex            Unusable   N/A       N/A         4
 Metabolic Englaciation   Hex/Ice        Unusable   N/A       N/A         5

Dungeon Overview and Level Annotations

Branches:
Dungeon (9/15)             Temple (1/1) D:6            Lair (1/6) D:8
    Orc: D:9-12

Altars:
Ashenzari
Elyvilon
Fedhas
Makhleb
Ru
Sif Muna

Annotations:
D:1 dig


Innate Abilities, Weirdness & Mutations

You cannot study or cast Hexes magic.
You cannot study or cast Poison magic.
You cannot study or cast Translocations magic.


Message History

You whack the yak!
The yak is moderately wounded.
The yak barely misses you.
You hit the yak.
The yak is heavily wounded.
The yak closely misses you.
You hit the yak but do no damage.
The yak is heavily wounded.
The yak barely misses you.
You hit the yak.
The yak is heavily wounded.
The yak gores you!
You hit the yak.
The yak is severely wounded.
The yak closely misses you.
You whack the yak!
The yak is almost dead.
The yak gores you!
You hit the yak.
The yak is almost dead.
The yak gores you!
You hit the yak.
You kill the yak!
You completely miss the yak.
The yak is moderately wounded.
The yak gores you.
You hit the yak but do no damage.
The yak is moderately wounded.
The yak gores you but does no damage.
You hit the yak but do no damage.
The yak is moderately wounded.
The yak barely misses you.
You whack the yak!
The yak is heavily wounded.
The yak gores you!
* * * LOW HITPOINT WARNING * * *
You hit the yak.
The yak is severely wounded.
The yak gores you!
You die...

).####.##..##......##.....P......
...##...##.....#.................
...#.....##.#.##.)..##.P.....P..P
..###..#..#..####.####...P.......
..##...#..#.## ##.##....P....P...
...#..###...####....).........P..
...................#.........P...
#####...###.....##)#P..P.........
# ##..# #.....@Y..........P.P..
##.# ##..<.##.........>....P
##.####....##..).....P......
#.....#...##..[........P....
#######.....##.......P........P.
##.........#.........P..PP.......
#..........##.#.........PP.......
..........#####.......P..........
...........####...........P...P..


You could see a yak.

Vanquished Creatures
  Maggie (D:8)
  Grinder (D:3)
  4 yaks
  A steam dragon (D:8)
  Menkaure (D:6)
  4 water moccasins
  4 black bears
  3 ogres
  2 ice beasts
  A necrophage (D:7)
  3 centaurs
  A phantom (D:5)
  A kobold brigand (D:8)
  2 gnoll sergeants
  5 bullfrogs (D:8)
  3 scorpions
  2 wyvern zombies
  A wyvern skeleton (D:7)
  A water moccasin skeleton (D:6)
  2 howler monkeys
  A bullfrog zombie (D:5)
  A centaur zombie (D:6)
  6 orc priests
  Crazy Yiuf (D:3)
  2 centaur skeletons (D:6)
  3 iron imps (D:7)
  A jelly (D:4)
  Terence (D:3)
  Natasha (thrice) (D:2)
  2 iguanas
  7 orc wizards
  A hound zombie (D:5)
  A hound skeleton (D:4)
  Robin (D:2)
  7 gnolls
  4 adders
  A shadow imp (D:8)
  An adder skeleton (D:4)
  A worm (D:4)
  A dart slug (D:1)
  19 orcs
  A ball python (D:2)
  4 bats
  5 endoplasms
  2 giant cockroaches
  17 goblins
  4 hobgoblins
  3 jackals (D:2)
  3 quokkas
  6 frilled lizards
  10 kobolds
  2 rats (D:3)
165 creatures vanquished.

Vanquished Creatures (others)
  A killer bee zombie (D:8)
  48 fungi (D:8)
  38 plants (D:8)
87 creatures vanquished.

Grand Total: 252 creatures vanquished

Notes
Turn   | Place    | Note
-------+----------+-------------------------------------------
     0 | D:1      | SnakkuSnakku7 the Deep Elf Brigand began the quest for the
                  | Orb.
     0 | D:1      | Reached XP level 1. HP: 12/12 MP: 3/3
   124 | D:1      | Found a faded altar of an unknown god.
   274 | D:1      | Reached XP level 2. HP: 14/16 MP: 4/4
   998 | D:2      | Reached XP level 3. HP: 9/20 MP: 5/5
  1206 | D:2      | Noticed Robin
  1780 | D:2      | Killed Robin
  1850 | D:2      | Noticed Natasha
  1858 | D:2      | Killed Natasha
  1859 | D:2      | Reached XP level 4. HP: 21/25 MP: 6/6
  2015 | D:2      | Noticed Natasha
  2026 | D:2      | Killed Natasha
  2027 | D:2      | Reached skill level 5 in Throwing
  2061 | D:2      | Noticed Natasha
  2068 | D:2      | Killed Natasha
  2069 | D:2      | Reached XP level 5. HP: 25/30 MP: 7/7
  2168 | D:3      | Noticed Terence
  2179 | D:3      | Killed Terence
  2271 | D:3      | Noticed Grinder
  2601 | D:4      | Reached XP level 6. HP: 37/38 MP: 8/8
  3217 | D:5      | Entered Level 5 of the Dungeon
  3242 | D:5      | Reached skill level 5 in Fighting
  3242 | D:5      | Reached XP level 7. HP: 27/44 MP: 9/9
  3429 | D:5      | Identified the +4 chain mail "Wigae" {Int+4 Dex+3 SInv}
  3678 | D:5      | Found a broken altar of Ashenzari.
  3929 | D:6      | Reached XP level 8. HP: 30/53 MP: 10/10
  4260 | D:6      | Found a sacrificial altar of Ru.
  4280 | D:6      | Became a worshipper of Ru the Awakened
  4558 | D:6      | Found a staircase to the Ecumenical Temple.
  4757 | D:6      | Reached skill level 1 in Armour
  4980 | D:6      | Noticed Menkaure
  5097 | Temple   | Entered the Ecumenical Temple
  5237 | D:6      | Killed Menkaure
  5783 | D:3      | Paralysed by Grinder for 2 turns
  5804 | D:3      | Killed Grinder
  5805 | D:3      | Reached XP level 9. HP: 28/59 MP: 11/11
  5840 | D:3      | Found a runed translucent door.
  5841 | D:3      | Noticed Crazy Yiuf
  5938 | D:3      | Killed Crazy Yiuf
  6235 | D:7      | Reached skill level 5 in Armour
  6363 | D:7      | Gained mutation: You cannot study or cast Poison magic. [Ru
                  | sacrifice]
  6363 | D:7      | Gained mutation: You cannot study or cast Hexes magic. [Ru
                  | sacrifice]
  6363 | D:7      | Gained mutation: You cannot study or cast Translocations
                  | magic. [Ru sacrifice]
  6363 | D:7      | Reached * piety under Ru
  6419 | D:7      | Reached skill level 1 in Bows
  6426 | D:7      | Reached skill level 2 in Bows
  6693 | D:7      | Found a burning altar of Makhleb.
  6713 | D:7      | Reached skill level 3 in Bows
  6807 | D:7      | Reached skill level 4 in Bows
  6845 | D:7      | Reached skill level 5 in Bows
  6871 | D:7      | Reached skill level 6 in Bows
  7200 | D:8      | Reached skill level 7 in Bows
  7259 | D:8      | Reached skill level 8 in Bows
  7426 | D:8      | Reached skill level 9 in Bows
  7559 | D:8      | Found a staircase to the Lair.
  7585 | D:8      | Reached XP level 10. HP: 31/64 MP: 12/12
  7792 | D:8      | Reached skill level 10 in Bows
  8071 | D:8      | Noticed Maggie
  8106 | D:8      | Killed Maggie
  8145 | D:8      | Found a blossoming altar of Fedhas.
  8288 | Lair:1   | Entered Level 1 of the Lair of Beasts
  8308 | D:8      | Reached skill level 11 in Bows
  8412 | D:8      | Slain by a yak

Illustrated notes

Levels and vault maps discovered:
D:1:      dpeg_arrival_simpleton_b, layout_basic,
          hellmonk_ecumenical_altar_crossroads, due_unseen_surprise
D:2:      layout_loops_ring, kennysheep_generic_room_4, uniq_natasha, uniq_robin
D:3:      layout_basic, uniq_terence, uniq_grinder, uniq_crazy_yiuf_cottage
D:4:      layout_cave_pods, minmay_misc_feat_more_columns
D:5:      layout_rooms, mainiacjoe_overflow_tiny_flanked
D:6:      layout_cave_pools, nicolae_ru_great_annihilating_truth,
          minmay_temple_entry_proselytizer, grunt_ministairs_10, uniq_menkaure
D:7:      layout_basic, demons_altar
D:8:      layout_cave_pools, nicolae_overflow_crystal_walls,
          due_lair_maze_entry_diamond, uniq_maggie
D:9:      layout_big_octagon, minmay_fractal_squares_diagonal_5, uniq_maurice
Temple:   nicolae_temple_great_sept
Lair:1:   layout_cave_pods, st_stairs_13

Skill      XL: |  1  2  3  4  5  6  7  8  9 10 |
---------------+-------------------------------+-----
Throwing       | 3 4 5 |  5.0
Fighting       | 2 3 5 7 8 |  8.0
Armour         | 4 5 |  5.3
Bows           | 9 11 | 11.5
Short Blades   | |  2.0
Dodging        | |  1.2
Stealth        | |  4.8

Action                   |  1- 3 |  4- 6 |  7- 9 | 10-12 || total
-------------------------+-------+-------+-------+-------++-------
Melee: Dagger            |    20 |       |       |       ||    20
       Whip              |   104 |    98 |   357 |    17 ||   576
 Fire: Shortbow          |       |       |    45 |    85 ||   130
Throw: Dart              |    10 |    24 |    46 |       ||    80
Invok: Sacrifice Arcana  |       |       |     1 |       ||     1
  Use: Scroll            |       |     2 |     3 |       ||     5
 Stab: Sleeping          |     7 |     2 |     1 |       ||    10
       Paralysed         |       |       |     1 |       ||     1
       Distracted        |       |       |     1 |       ||     1
Armor: Robe              |    18 |       |       |       ||    18
       Scale mail        |    51 |    50 |     5 |       ||   106
       Chain mail        |       |       |   411 |    22 ||   433
       Swamp dragon scal |       |       |       |    13 ||    13
Dodge: Dodged            |    80 |    34 |   124 |    25 ||   263
